AoeStats
← Amaker84

Arabia

508447887Analyzed
1v1 RM · 11d ago on Sep 22, 2026· 26m 57s· 2 players
Game mode
Random Map
Map size
Tiny (2 player)
Population
200
Speed
Normal
Resources
Standard
Victory
Conquest
Starting age
Dark Age
Ending age
Imperial Age
RankedLock teamsTeams togetherTeam positionsShared explorationLock speedFull tech treeHidden civsTurbo modeCheats
Victory
Defeat
🇪🇸 Celts · Spain
1092
+16
🇨🇱 Japanese · Chile
1092
-16
Amaker84
5:00 Loom
9:14 Feudal Age
10:20 Double-Bit Axe
15:47 Fletching
17:33 Padded Archer Armor
22:16 Castle Age
20:43 Horse Collar
22:26 Forging
22:22 Scale Barding Armor
22:18 Gold Mining
24:51 Chain Barding Armor
ccrespillo
6:14 Loom
9:09 Feudal Age
9:11 Man-at-Arms
9:44 Double-Bit Axe
20:36 Castle Age
Connection lost

Rejoining the realm…

Still unreachable

The connection could not be restored.

Session expired

The server has moved on; the page needs a fresh start.